 Dungeon Crawl Stone Soup version 0.29-a0-234-g0dae59b3db (webtiles) character file.

Game seed: 9201937118342276337

76 spaghetti the Skirmisher (level 4, -1/49 HPs)
             Began as an Octopode Fighter on Mar 3, 2022.
             Frozen to death by an endoplasm (4 damage)
             ... on level 2 of the Dungeon.
             The game lasted 00:01:19 (1049 turns).

spaghetti the Skirmisher (Octopode Fighter)         Turns: 1049, Time: 00:01:19

Health: -1/49      AC: 22    Str: 13 (15) XL:     4   Next: 32%
Magic:  4/4        EV:  2    Int:  9 (10) God:
Gold:   62         SH:  4    Dex: 10 (13) Spells: 3/3 levels left

rFire   . . .      SeeInvis .   d - +0 rapier (protect) {short}
rCold   . . .      Faith    .   b - +0 buckler
rNeg    . . .      Spirit   .   (helmet currently unavailable)
rPois   +          Reflect  .   (no amulet)
rElec   .          Harm     .   (no ring)
rCorr   .          Rampage  .   (no ring)
Will    .....      NoTele   +   (no ring)
Stlth   +.........              (no ring)
HPRegen 0.16/turn               (no ring)
MPRegen 0.09/turn               (no ring)
                                (no ring)
                                (no ring)

@: mighty, tree-form, invisible
A: stationary, stasis, torment immunity, boosted hp, almost no armour,
(amphibious), 8 rings, (camouflage 1), (gelatinous body 1), (nimble swimmer 1),
(tentacles)
a: no special abilities


You were on level 2 of the Dungeon.
You were a tree.
You visited 1 branch of the dungeon, and saw 2 of its levels.

You collected 62 gold pieces.


Innate Abilities, Weirdness & Mutations

You are a tree.
Your roots penetrate the ground, keeping you stationary.
You cannot be teleported.
You are immune to unholy pain and torment.
Your maximum health is greatly increased.
You cannot wear most types of armour.
((You are amphibious.))
You can wear up to eight rings at the same time.
((Your skin changes colour to match your surroundings (Stealth+).))
((Your rubbery body absorbs attacks. (AC +1, EV +1)))
((You are camouflaged when in or above water. (Stealth+)))
((You have tentacles for arms and can constrict up to eight enemies at once.))


   Skills:
 - Level 4.0 Fighting
 + Level 2.6(3.0) Short Blades
 - Level 2.0(2.6) Long Blades
 - Level 3.0 Dodging
 - Level 3.0 Shields


You had 3 spell levels left.
You didn't know any spells.
Your spell library contained the following spells:

 Spells                   Type           Power      Damage    Failure   Level
 Pain                     Necr           0%         1d4       47%         1
 Agony                    Necr           0%         N/A       100%        5
 Excruciating Wounds      Necr           0%         N/A       100%        5

Inventory:

Hand Weapons
 a - a +0 long sword {long}
 d - a +0 rapier of protection (weapon) {short}
   (You found it on level 1 of the Dungeon)
Missiles
 e - 27 stones (quivered) {throwing}
 f - 9 poisoned darts {throwing}
Armour
 b - a +0 buckler (worn)
Scrolls
 i - a scroll of magic mapping {!r}

Dungeon Overview and Level Annotations

Branches:
Dungeon (2/15)

Altars:

** ############# ,*
##.....#.....#* ,*
##.............** ,*
#..............,* .*
#..............,* .*
#..............,* .#
#.....)........,*
.##########....bJr)......,*
...............b♣J†......**
........####......#.....#*
.........###...##########
.............###
.............#***
.........#......#
.........###.#.##
.............#.#
...........###,#


You could see 2 endoplasms, a quokka and 2 bats.


Message History

Your hp is fully restored (27).
You hit the adder. Your grab misses the adder. You squeeze the adder!
You kill the adder!
The bat closely misses you. The bat hits you but does no damage.
The adder bites you.
You are poisoned.
The adder poisons you! The kobold hits you but does no damage.
The goblin misses you. The endoplasm barely misses you.
You have reached level 4! 😕 HP[+5] MP[+1]
You now have 33 max hp (+6).
You regained 5 hp, and now have 32/33 hp.
Your mp is fully restored (4).
Unknown command.
Unknown command.
You feel very mighty all of a sudden.
You feel sick.
The endoplasm hits you but does no damage.
The adder closely misses you. The kobold completely misses you.
The goblin hits you with a +0 club. The endoplasm freezes you.
You are frozen. 😕 HP[-4]
You take 4 damage, and now have 28/33 hp.
You closely miss the goblin. Your grab misses the goblin.
You feel sick. The bat barely misses you. The adder closely misses you.
The endoplasm freezes you.
You are frozen.
The kobold hits you but does no damage. The adder closely misses you.
The goblin closely misses you. The endoplasm barely misses you.
The endoplasm freezes you.
You are frozen. 😮 HP[-6]
You take 6 damage, and now have 22/33 hp.
You hit the goblin.
You kill the goblin!
You feel sick. The bat closely misses you. You block the adder's attack.
The kobold hits you but does no damage. The endoplasm freezes you.
You are frozen.
The bat closely misses you.
The endoplasm hits you but does no damage. 😮 HP[-5]
You take 5 damage, and now have 17/33 hp.
You puncture the kobold!
You kill the kobold!
You feel sick.
You are no longer poisoned.
The bat hits you but does no damage. The bat closely misses you.
The adder bites you but does no damage. The quokka bites you.
* * * LOW HITPOINT WARNING * * *
The bat completely misses you. The endoplasm closely misses you.
The adder misses you. You block the endoplasm's attack.
The quokka bites you but does no damage. 😨 HP[-5]
You take 5 damage, and now have 12/33 hp.
You barely miss the adder. You grab the adder. You squeeze the adder!
You kill the adder!
The bat closely misses you. x2
The endoplasm hits you but does no damage.
You block the endoplasm's attack. The quokka barely misses you.
You barely miss the quokka. Your grab misses the quokka.
The bat hits you but does no damage. The bat misses you. x2
The quokka barely misses you. You block the endoplasm's attack.
The endoplasm freezes you.
You are frozen.
* * * LOW HITPOINT WARNING * * *
You block the bat's attack. 😱 HP[-4]
You take 4 damage, and now have 8/33 hp.
Unknown command.
It was a potion of invisibility.
You fade into invisibility!
The bat barely misses you. The quokka closely misses you.
The endoplasm hits you but does no damage.
The bat completely misses you. The endoplasm freezes you.
* * * LOW HITPOINT WARNING * * *
😱 HP[-5]
You take 5 damage, and now have 3/33 hp.
Okay, then.
The bat hits you but does no damage. You block the bat's attack.
The bat hits you.
* * * LOW HITPOINT WARNING * * *
You block the quokka's attack. 😱 HP[-1]
You take 1 damage, and now have 2/33 hp.
It was a potion of degeneration.
There was something very wrong with that liquid.
You feel weakened.
You feel dopey.
You feel clumsy. The bat closely misses you. x2
The endoplasm freezes you.
* * * LOW HITPOINT WARNING * * *
The quokka closely misses you.
Unknown command.
It was a potion of lignification.
You turn into a tree.
Your roots penetrate the ground.
The bat hits you but does no damage. x2
The quokka bites you but does no damage.
The endoplasm hits you but does no damage.
The endoplasm freezes you.
You die...

Skill      XL: |  1  2  3 |
---------------+----------+-----
Fighting       | 4 |  4.0
Short Blades   | 1 2 |  2.6
Long Blades    | |  2.0
Dodging        | |  3.0
Shields        | |  3.0

Action                   |  1- 3 |  4- 6 || total
-------------------------+-------+-------++-------
Melee: Long sword        |     4 |       ||     4
       Rapier            |    44 |     5 ||    49
       Constrict         |     9 |     1 ||    10
       Tentacles         |     5 |     1 ||     6
  Use: Scroll            |     3 |       ||     3
       Potion            |       |     4 ||     4
 Stab: Sleeping          |     7 |       ||     7
Armor: Skin              |    19 |    15 ||    34
Dodge: Dodged            |    31 |    25 ||    56
Block: Buckler           |    13 |     7 ||    20

Levels and vault maps discovered:
D:1:      minmay_arrival_glassed_features, layout_basic,
          ebering_ecumenical_altar_ruins
D:2:      layout_rooms, basic_altar

Notes
Turn   | Place    | Note
-------+----------+-------------------------------------------
     0 | D:1      | spaghetti the Octopode Fighter began the quest for the Orb.
     0 | D:1      | Reached XP level 1. HP: 16/16 MP: 1/1
     0 | D:1      | magus.rc [v1.9.6]
    56 | D:1      | Reached XP level 2. HP: 21/21 MP: 2/2
   298 | D:1      | Found a faded altar of an unknown god.
   544 | D:1      | Reached skill level 4 in Fighting
   579 | D:1      | You pick up a book of Pain and begin reading...
   579 | D:1      | You add the spells Pain, Agony and Excruciating Wounds to
                  | your library.
   721 | D:2      | Reached skill level 1 in Short Blades
   721 | D:2      | Reached XP level 3. HP: 22/27 MP: 3/3
  1039 | D:2      | Reached skill level 2 in Short Blades
  1040 | D:2      | Reached XP level 4. HP: 32/33 MP: 4/4
  1045 | D:2      | HP: 8/33 [frozen (4)]
  1046 | D:2      | HP: 3/33 [frozen (5)]
  1049 | D:2      | Frozen to death by an endoplasm

Vanquished Creatures
  5 adders
  3 dart slugs (D:1)
  4 endoplasms
  3 giant cockroaches (D:1)
  2 goblins
  A hobgoblin (D:2)
  2 quokkas (D:1)
  A frilled lizard (D:1)
  4 kobolds
  A rat (D:1)
26 creatures vanquished.

Table legend:
 A = Non-vault XP
 B = Vault XP
 C = Vault XP percentage of total XP
 D = Non-vault monster count
 E = Vault monster count
 F = Vault count percentage of total count
                 A         B        C        D         E       F
            +---------+---------+-------+---------+---------+-------
      Total |     109 |       0 |   0.0 |      26 |       0 |   0.0
            +---------+---------+-------+---------+---------+-------
        D:1 |      47 |       0 |   0.0 |      17 |       0 |   0.0
        D:2 |      62 |       0 |   0.0 |       9 |       0 |   0.0
            +---------+---------+-------+---------+---------+-------

Illustrated notes

Table legend:
 A = Kills in this place as a percentage of kills in entire the game.
 B = Kills by you in this place as a percentage of kills by you in the entire game.
 C = Kills by friends in this place as a percentage of kills by friends in the entire game.
 D = Other kills in this place as a percentage of other kills in the entire game.
 E = Experience gained in this place as a percentage of experience gained in the entire game.
 F = Experience gained in this place divided by the number of levels of this place that you have seen.
                   A       B       C       D       E      F
               +-------+-------+-------+-------+-------+----------------------
         Total | 100.0 | 100.0 |   N/A |   N/A | 100.0 |  54.5
       Dungeon | 100.0 | 100.0 |   N/A |   N/A | 100.0 |  54.5
               +-------+-------+-------+-------+-------+----------------------

Table legend: (Time is in decaauts)
 A = Elapsed time spent in this place.
 B = Non-inter-level travel time spent in this place.
 C = Inter-level travel time spent in this place.
 D = Time resting spent in this place.
 E = Time spent auto-exploring this place.
 F = Levels seen in this place.
 G = Mean time per level.
                   A        B        C        D        E       F      G
               +--------+--------+--------+--------+--------+-----+--------+
         Total |   1059 |   1030 |     29 |    193 |    680 |   2 |  529.5 |
       Dungeon |   1059 |   1030 |     29 |    193 |    680 |   2 |  529.5 |
               +--------+--------+--------+--------+--------+-----+--------+

Top non-repeatable levels by time:
     D:1: 926 daAuts
     D:2: 132 daAuts
